 Dungeon Crawl Stone Soup version 0.28.0-53-g5a82cb258f (webtiles) character file.

Game seed: 1726730939037168493

122 Plasmagod the Covered (level 4, -3/41 HPs)
             Began as a Minotaur Fighter on July 14, 2022.
             Was a Believer of Lugonu.
             Succumbed to a scorpion's poison
             ... on level 4 of the Dungeon.
             The game lasted 00:05:35 (2602 turns).

Plasmagod the Covered (Minotaur Fighter)            Turns: 2602, Time: 00:05:35

Health: -3/41      AC:  7    Str: 20    XL:     4   Next: 78%
Magic:  3/3        EV:  9    Int:  5    God:    Lugonu [**....]
Gold:   114        SH:  5    Dex: 12    Spells: 3/3 levels left

rFire   . . .      SeeInvis .   a - +0 war axe
rCold   . . .      Faith    .   c - +0 buckler
rNeg    . . .      Spirit   .   b - +0 scale mail
rPois   .          Reflect  .   (helmet restricted)
rElec   .          Harm     .   (no cloak)
rCorr   .          Rampage  .   (no gloves)
Will    .....                   (no boots)
Stlth   ..........              (no amulet)
HPRegen 0.13/turn               (no ring)
MPRegen 0.08/turn               (no ring)

@: lethally poisoned (-3 -> -24)
A: horns 2, retaliatory headbutt
a: Renounce Religion, Depart the Abyss, Bend Space


You were on level 4 of the Dungeon.
You worshipped Lugonu.
Lugonu was pleased with you.
You visited 1 branch of the dungeon, and saw 4 of its levels.

You collected 114 gold pieces.

Inventory:

Hand Weapons
 a - a +0 war axe (weapon)
Armour
 b - a +0 scale mail (worn)
 c - a +0 buckler (worn)
Scrolls
 h - a scroll of vulnerability {unknown}
 i - a scroll of immolation {unknown}
 j - 2 scrolls of blinking {unknown}
 k - a scroll of fear {unknown}
 l - a scroll of identify {unknown}
 n - a scroll of enchant armour {unknown}
 o - a scroll of fog {unknown}
Potions
 d - a potion of might
 e - a potion of brilliance {unknown}
 f - a potion of ambrosia
 g - a potion of heal wounds {unknown}
 m - a potion of mutation {unknown}


   Skills:
 + Level 4.4 Fighting
 + Level 4.2 Axes
 + Level 4.4 Armour
 + Level 0.6 Dodging
 + Level 0.4 Stealth
 + Level 4.1 Shields


You had 3 spell levels left.
You didn't know any spells.
Your spell library contained the following spells:

 Spells                   Type           Power      Damage    Failure   Level
 Blink                    Tloc           0%         N/A       96%         2
 Sublimation of Blood     Necr           0%         N/A       96%         2
 Wereblood                Tmut           0%         N/A       96%         2
 Lesser Beckoning         Tloc           0%         N/A       99%         3
 Manifold Assault         Tloc           0%         N/A       100%        5
 Summon Hydra             Summ           0%         N/A       100%        7


Dungeon Overview and Level Annotations

Branches:
Dungeon (4/15)
 Temple: D:4-7

Altars:
Lugonu

Shops:
D:1 [


Innate Abilities, Weirdness & Mutations

You have a pair of horns on your head.
You reflexively headbutt those who attack you in melee.


Message History

You're too confused to move!
* * * LOW HITPOINT WARNING * * *
You feel very sick. The hound completely misses you. The scorpion stings you.
* * * LOW HITPOINT WARNING * * *
You are more poisoned.
The scorpion poisons you! The hound bites you but does no damage.
You're too confused to move!
* * * LOW HITPOINT WARNING * * *
You feel very sick. The scorpion barely misses you.
The hound pauses to sniff the ground.
The hound barely misses you.
The scorpion stings you but does no damage.
* * * LOW HITPOINT WARNING * * *
You feel very sick. The hound barely misses you.
The hound bites you but does no damage.
You slash the scorpion! Your headbutt misses the scorpion.
The scorpion is heavily wounded.
You miss the hound.
* * * LOW HITPOINT WARNING * * *
You feel very sick. The hound bites you but does no damage.
The scorpion stings you.
* * * LOW HITPOINT WARNING * * *
You are more poisoned.
The scorpion poisons you! The hound closely misses you.
You're too confused to move!
You feel less invigorated.
You feel less confused.
* * * LOW HITPOINT WARNING * * *
You feel very sick. The scorpion stings you.
* * * LOW HITPOINT WARNING * * *
You are more poisoned.
The scorpion poisons you! The hound bites you but does no damage.
The scorpion stings you.
* * * LOW HITPOINT WARNING * * *
You hit the scorpion but do no damage. Your headbutt misses the scorpion.
The scorpion is heavily wounded.
You closely miss the hound.
You die...

###### #..... ### #.... #
#.# #..# #
#######.#.######..##.#
.>.....###......@....#.#.
........#.......sh.......
########..........†###...
# #............### #
#.###.#.####..... # #
#.#.# #.#### # #...# #.#
# ###.# #.# ##### #.# #$#


You could see a scorpion and a hound.

Vanquished Creatures
  A hound (D:4)
  4 gnolls (D:3)
  An adder (D:3)
  An adder skeleton (D:2)
  An orc (D:3)
  2 ball pythons
  5 bats
  4 endoplasms
  4 giant cockroaches
  5 goblins
  8 hobgoblins
  2 kobolds
  4 rats
42 creatures vanquished.

Notes
Turn   | Place    | Note
-------+----------+-------------------------------------------
     0 | D:1      | Plasmagod the Minotaur Fighter began the quest for the Orb.
     0 | D:1      | Reached XP level 1. HP: 19/19 MP: 0/0
    63 | D:1      | Found Seikiorhe's Armour Emporium.
   331 | D:1      | Reached XP level 2. HP: 27/27 MP: 1/1
   485 | D:1      | Found a faded altar of an unknown god.
   493 | D:1      | Prayed at the altar of an unknown god.
   493 | D:1      | Became a worshipper of Lugonu the Unformed
   493 | D:1      | Reached * piety under Lugonu
   493 | D:1      | Reached ** piety under Lugonu
  1003 | D:2      | You fall into a shaft and drop 1 floor!
  1198 | D:2      | Reached XP level 3. HP: 33/33 MP: 2/2
  1891 | D:3      | Reached XP level 4. HP: 24/40 MP: 3/3
  2587 | D:4      | Noticed a scorpion
  2602 | D:4      | Succumbed to a scorpion's poison

Illustrated notes

Levels and vault maps discovered:
D:1:      evilmike_arrival_hilbert_curve, layout_basic, serial_shops, shop,
          shapermc_ecumenical_altar_totnotflames,
          corexii_item_surrounded_by_moat, fountainhead
D:2:      layout_loops_ring, roderic_filled_cross,
          amcnicky_mini_rare_corridor_liquid
D:3:      layout_basic
D:4:      layout_loops_ring, vehumet_altar_wand_db,
          nicolae_ossuary_entry_catacombs, st_stairs_5

Skill      XL: |  1  2  3  4 |
---------------+-------------+-----
Armour         | 4 |  4.4
Fighting       | 4 |  4.4
Axes           | 3 4 |  4.2
Shields        | 4 |  4.1
Dodging        | |  0.6
Stealth        | |  0.4

Action                   |  1- 3 |  4- 6 || total
-------------------------+-------+-------++-------
Melee: War axe           |    82 |    22 ||   104
       Headbutt          |     5 |     3 ||     8
  Use: Potion            |       |     1 ||     1
Armor: Scale mail        |    43 |    13 ||    56
Dodge: Dodged            |    43 |    18 ||    61
Block: Buckler           |    18 |    10 ||    28
